 Dungeon Crawl Stone Soup version 0.15.2 (webtiles) character file.

39 magipi the Insei (level 3, -2/23 HPs)
             Began as an Octopode Transmuter on Feb 8, 2015.
             Slain by an adder (4 damage)
             ... on Level 2 of the Dungeon.
             The game lasted 00:07:16 (1681 turns).

magipi the Insei (Octopode Transmuter)              Turns: 1681, Time: 00:07:16

HP  -2/23        AC  1     Str  9      XL: 3   Next: 47%
MP   6/6         EV 12     Int 16      God:
Gold 67          SH  0     Dex 12      Spells:  3 memorised,  0 levels left

rFire  . . .     SeeInvis .       - Unarmed
rCold  . . .     Clarity  .     (no shield)
rNeg   . . .     rCorr    .     (helmet restricted)
rPois  .         rRot     .     (no amulet)
rElec  .         Spirit   .     (no ring)
SustAb .         Warding  .     (no ring)
rMut   .         Stasis   .     (no ring)
Gourm  .                        (no ring)
MR     .....                    (no ring)
                                (no ring)
                                (no ring)
                                (no ring)

@: lethally poisoned, appendage (expiring), not resistant to hostile
enchantments, unstealthy
A: almost no armour, amphibious, 8 rings, constrict 8, tentacle spike 3,
camouflage 1, gelatinous body 1
a: End Transformation


You were on level 2 of the Dungeon.
You were not hungry.
One of your tentacles had a temporary spike.
You visited 1 branch of the dungeon, and saw 2 of its levels.

You collected 67 gold pieces.

Inventory:

Missiles
 b - 39 arrows
Armour
 c - a +0 buckler
 i - a +2 large shield
Comestibles
 a - 2 bread rations
 f - a meat ration
 g - a chunk of hobgoblin flesh
Scrolls
 e - 2 scrolls of teleportation {unknown}
Jewellery
 j - an uncursed amulet of resist corrosion {unknown}
Books
 d - a book of Changes

   Spells                             Type                      Level
   *Beastly Appendage                 Transmutation                1
   *Sticks to Snakes                  Transmutation                2
   *Spider Form                       Transmutation/Poison         3
   Ice Form                           Ice/Transmutation            4
   Blade Hands                        Transmutation                5


   Skills:
 - Level 1.0 Fighting
 - Level 2.0 Dodging
 + Level 3.5 Unarmed Combat
 - Level 2.0 Spellcasting
 + Level 3.0 Transmutations
 + Level 0.8 Poison Magic


You couldn't memorise any spells.
You knew the following spells:

 Your Spells              Type           Power        Failure   Level  Hunger
a - Beastly Appendage     Trmt           ##....       8%          1    #......
b - Sticks to Snakes      Trmt           ##........   10%         2    ###....
c - Spider Form           Trmt/Pois      #.........   34%         3    ####...


Dungeon Overview and Level Annotations

Branches:
Dungeon (2/15)

Altars:


Innate Abilities, Weirdness & Mutations

You cannot wear most types of armour.
You are amphibious.
You can wear up to eight rings at the same time.
You can use your tentacles to constrict many enemies at once.
Your skin changes colour to match your surroundings (Stealth).
Your rubbery body absorbs attacks (AC +1).
One of your tentacles bears a large vicious spike.

Vault maps used:
D:1:      matt_arrival_grand_opening
D:2:      fedhas_altar_4, uniq_crazy_yiuf_cottage, uniq_iyjb


Message History

a club; a hobgoblin corpse You start butchering the hobgoblin corpse.
You continue butchering the corpse. x3
You finish butchering the hobgoblin corpse.
g - a chunk of hobgoblin flesh You see here a club.
Eat a chunk of hobgoblin flesh? (ye/n/q/i?) This raw flesh tastes terrible.
You continue eating. x2
Done exploring.
There is a stone staircase leading down here.
You climb downwards.
A giant newt, an adder and a hobgoblin come into view.
The hobgoblin shouts!
Found a scroll labeled NODINOAKAJ.
There is a stone staircase leading up here.
Unknown command.
Casting: Beastly Appendage
Confirm with . or Enter, or press ? or * to list all spells.
One of your tentacles grows a vicious spike.
The hobgoblin completely misses you.
You climb upwards.
There is a stone staircase leading down here.
You tentacle-slap the hobgoblin but do no damage.
Your grab misses the hobgoblin.
Your tentacle spike misses the hobgoblin.
You tentacle-slap the hobgoblin but do no damage.
You grab the hobgoblin.
You pierce the hobgoblin.
The hobgoblin is moderately wounded.
You constrict the hobgoblin. The hobgoblin barely misses you.
You tentacle-slap the hobgoblin.
You kill the hobgoblin!
You see here a hobgoblin corpse.
You start butchering the hobgoblin corpse.
You continue butchering the corpse.
Your transformation is almost over.
You continue butchering the corpse.
Magic restored.
You continue butchering the corpse.
You finish butchering the hobgoblin corpse.
g - a chunk of hobgoblin flesh You see here a hobgoblin skeleton.
You see here a hobgoblin skeleton.
Your tentacle spike disappears.
A goblin comes into view. It is wielding a dagger.
The goblin shouts!
Casting: Beastly Appendage
Confirm with . or Enter, or press ? or * to list all spells.
You miscast Beastly Appendage.
You are very lightly contaminated with residual magic.
Nothing appears to happen.
You barely miss the goblin. Your grab misses the goblin.
The goblin barely misses you.
You barely miss the goblin. You grab the goblin. You squeeze the goblin.
You kill the goblin!
You see here a dagger.
(D) Dungeon
Where to? (Enter - D:1 @ (x,y), ? - help) Magic restored.
There is a stone staircase leading down here.
You climb downwards.
An adder comes into view.
There is a stone staircase leading up here.
Casting: Beastly Appendage
Confirm with . or Enter, or press ? or * to list all spells.
One of your tentacles grows a vicious spike.
Your magical contamination has completely faded away.
You closely miss the adder. Your grab misses the adder.
The adder closely misses you. The adder barely misses you.
You miss the adder. Your grab misses the adder. The adder bites you.
You tentacle-slap the adder but do no damage.
Your grab misses the adder. The adder misses you.
You closely miss the adder. Your grab misses the adder. The adder bites you.
You closely miss the adder. Your grab misses the adder.
Your squeeze misses the adder. The adder barely misses you.
You barely miss the adder. Your grab misses the adder.
The adder closely misses you. x2
You completely miss the adder. Your grab misses the adder.
Your transformation is almost over.
The adder bites you.
You are poisoned.
The adder poisons you!
You miss the adder. You grab the adder. You constrict the adder.
You feel sick. The adder bites you.
You tentacle-slap the adder but do no damage.
You pierce the adder.
The adder is lightly wounded.
You constrict the adder. The adder closely misses you.
You barely miss the adder. Your squeeze misses the adder.
The adder is moderately wounded.
You constrict the adder.
You feel sick. The adder bites you.
* * * LOW HITPOINT WARNING * * *
You are more poisoned.
The adder poisons you!
You aren't carrying any potions.
Unknown command.
You tentacle-slap the adder.
The adder is heavily wounded.
You constrict the adder. The adder bites you.
You die...

### .. #.
######.#####
#...........#####
#...@S.......
##..##...####
#.#. ...# .. ..
...# ... .#. ..#
. ..## # .. .


You could see an adder.

Table legend:
 A = Kills in this place as a percentage of kills in entire the game.
 B = Kills by you in this place as a percentage of kills by you in the entire game.
 C = Kills by friends in this place as a percentage of kills by friends in the entire game.
 D = Other kills in this place as a percentage of other kills in the entire game.
 E = Experience gained in this place as a percentage of experience gained in the entire game.
 F = Experience gained in this place divided by the number of levels of this place that you have seen.
                   A       B       C       D       E      F
               +-------+-------+-------+-------+-------+----------------------
         Total | 100.0 | 100.0 | 100.0 |  -nan | 100.0 |  28.5
       Dungeon | 100.0 | 100.0 | 100.0 |  -nan | 100.0 |  28.5
               +-------+-------+-------+-------+-------+----------------------

Vanquished Creatures
  A bat (D:1)
  6 hobgoblins (D:1)
  6 jackals (D:1)
  2 kobolds (D:1)
  3 giant cockroaches (D:1)
  2 giant geckos (D:1)
  7 goblins (D:1)
  3 rats (D:1)
30 creatures vanquished.

Vanquished Creatures (collateral kills)
  A gnoll (D:1)
1 creature vanquished.

Grand Total: 31 creatures vanquished

Notes
Turn   | Place    | Note
--------------------------------------------------------------
     0 | D:1      | magipi, the Octopode Transmuter, began the quest for the Orb.
     0 | D:1      | Reached XP level 1. HP: 13/13 MP: 3/3
   554 | D:1      | Reached XP level 2. HP: 15/18 MP: 2/4
   616 | D:1      | Learned a level 2 spell: Sticks to Snakes
   790 | D:1      | Reached XP level 3. HP: 12/23 MP: 6/6
   795 | D:1      | Learned a level 3 spell: Spider Form
  1681 | D:2      | Slain by an adder

Action                   || total
-------------------------++-------
Melee: Unarmed           ||    74
 Cast: Beastly Appendage ||    19
       Sticks to Snakes  ||     2
 Stab: Sleeping          ||     1
  Eat: Chunk             ||     3

Action                   || total
-------------------------++-------
Melee: Unarmed           ||    74
 Cast: Beastly Appendage ||    19
       Sticks to Snakes  ||     2
 Stab: Sleeping          ||     1
  Eat: Chunk             ||     3

Action                   || total
-------------------------++-------
Melee: Unarmed           ||    74
 Cast: Beastly Appendage ||    19
       Sticks to Snakes  ||     2
 Stab: Sleeping          ||     1
  Eat: Chunk             ||     3
